 Dungeon Crawl Stone Soup version 0.27-a0-1193-g8631133539 (webtiles) character file.

Game seed: 1808011479652453849

121 pcat the Magician (level 4, -6/25 HPs)
             Began as a Deep Elf Hedge Wizard on May 26, 2021.
             Mangled by a black bear (7 damage)
             ... on level 3 of the Dungeon.
             The game lasted 00:08:05 (3607 turns).

pcat the Magician (Deep Elf Hedge Wizard)           Turns: 3607, Time: 00:08:06

Health: -6/25      AC:  2    Str:  7    XL:     4   Next: 76%
Magic:  4/13       EV: 12    Int: 20    God:
Gold:   117        SH:  0    Dex: 14    Spells: 8/14 levels left

rFire    . . .     SeeInvis .   i - +1 short sword (elec)
rCold    . . .     Faith    .   (no shield)
rNeg     . . .     Spirit   .   b - +0 robe
rPois    .         Reflect  .   c - +0 hat
rElec    .         Harm     .   (no cloak)
rCorr    .         Rampage  .   (no gloves)
Will     .....                  (no boots)
Stlth    ++........             (no amulet)
HPRegen  0.08/turn              (no ring)
MPRegen  0.13/turn              (no ring)

@: very slightly contaminated
A: no striking features
a: no special abilities


You were on level 3 of the Dungeon.
You visited 1 branch of the dungeon, and saw 3 of its levels.

You collected 117 gold pieces.

Inventory:

Hand Weapons
 i - a +1 short sword of electrocution (weapon)
Missiles
 l - 17 stones
Armour
 b - a +0 robe (worn)
 c - a +0 hat (worn)
Scrolls
 e - a scroll of fog {unknown}
 f - a scroll of teleportation {unknown}
 j - a scroll of identify {unknown}
 k - a scroll of blinking {unknown}
Potions
 a - a potion of attraction {unknown}
 d - a potion of brilliance {unknown}
 g - 3 potions of curing {unknown}
 h - a potion of magic {unknown}


   Skills:
 + Level 1.2 Fighting
 - Level 2.6 Dodging
 - Level 2.4 Stealth
 * Level 5.7 Spellcasting
 * Level 3.0 Conjurations
 - Level 1.1 Summonings
 - Level 1.1 Translocations
 * Level 0.7 Air Magic
 * Level 0.6 Poison Magic


You had 8 spell levels left.
You knew the following spells:

 Your Spells              Type           Power      Damage    Failure   Level
a - Magic Dart            Conj           72%        1d6       3%          1
b - Mephitic Cloud        Conj/Pois/Air  11%        N/A       19%         3
c - Slow                  Hex            5%         N/A       16%         2

Your spell library contained the following spells:

 Spells                   Type           Power      Damage    Failure   Level
 Blink                    Tloc           N/A        N/A       11%         2
 Call Imp                 Summ           10%        N/A       11%         2
 Conjure Flame            Conj/Fire      11%        6-21      17%         3


Dungeon Overview and Level Annotations

Branches:
Dungeon (3/15)

Altars:

Shops:
D:2 [


Message History

The black bear barely misses you. x3
Aiming: Magic Dart (safe; 3% risk of failure)
Press: ? - help, Q - select action, (/) - cycle Shift-Dir - straight line, f/p - black bear
Aim: a black bear (heavily wounded, 100% to hit)
The magic dart hits the black bear.
The black bear is severely wounded.
The black bear misses you. The black bear closely misses you.
The black bear barely misses you.
Aiming: Magic Dart (safe; 3% risk of failure)
Press: ? - help, Q - select action, (/) - cycle Shift-Dir - straight line, f/p - black bear
Aim: a black bear (severely wounded, 100% to hit)
The magic dart hits the black bear but does no damage.
The black bear is severely wounded.
The black bear bites you! The black bear claws you.
The black bear closely misses you.
Aiming: Magic Dart (safe; 3% risk of failure)
Press: ? - help, Q - select action, (/) - cycle Shift-Dir - straight line, f/p - black bear
Aim: a black bear (severely wounded, 100% to hit)
The magic dart hits the black bear.
The black bear is almost dead.
The black bear goes berserk!
Aiming: Magic Dart (safe; 3% risk of failure)
Press: ? - help, Q - select action, (/) - cycle Shift-Dir - straight line, f/p - black bear
Aim: a black bear (severely wounded, berserk, 100% to hit)
The magic dart hits the black bear.
The black bear is almost dead.
The black bear completely misses you. The black bear barely misses you.
The black bear closely misses you. The black bear bites you.
The black bear completely misses you.
The black bear claws you but does no damage.
Aiming: Magic Dart (safe; 3% risk of failure)
Press: ? - help, Q - select action, (/) - cycle Shift-Dir - straight line, f/p - black bear
Aim: a black bear (almost dead, berserk, 100% to hit)
You miscast Magic Dart.
You are very lightly contaminated with residual magic.
Nothing appears to happen.
The black bear bites you!
* * * LOW HITPOINT WARNING * * *
The black bear claws you!
You die...

#.........#
#.#
#.........#
#.# ### #
#.........#
#.# .....#
###########
#.# #.. #.#
#..... #.#
.....# #.#
..... #.#
.... #@#
.... #h# ...
#.# #.# #.#
#.# #.#
#.##....#
#.)......
#.........##


You could see a black bear (berserk).

Vanquished Creatures
  A bullfrog zombie (D:3)
  An orc priest (D:3)
  A worm (D:2)
  A dart slug (D:1)
  2 orcs (D:3)
  3 ball pythons
  5 endoplasms
  A giant cockroach (D:1)
  3 goblins
  3 hobgoblins
  3 jackals (D:2)
  3 quokkas
  4 bats
  2 frilled lizards (D:2)
  10 kobolds
  6 rats
49 creatures vanquished.

Notes
Turn   | Place    | Note
-------+----------+-------------------------------------------
     0 | D:1      | pcat the Deep Elf Hedge Wizard began the quest for the Orb.
     0 | D:1      | Reached XP level 1. HP: 10/10 MP: 7/7
   397 | D:1      | Reached XP level 2. HP: 4/15 MP: 2/9
  1258 | D:1      | Found a faded altar of an unknown god.
  1348 | D:2      | Reached skill level 5 in Spellcasting
  1610 | D:2      | Reached XP level 3. HP: 20/20 MP: 9/11
  1801 | D:2      | Found Abanwaiso's Armour Shop.
  2616 | D:3      | Reached skill level 1 in Fighting
  2616 | D:3      | Reached XP level 4. HP: 4/25 MP: 2/13
  3009 | D:3      | Noticed a black bear
  3071 | D:3      | Learned a level 3 spell: Mephitic Cloud
  3592 | D:3      | Learned a level 2 spell: Slow
  3607 | D:3      | HP: 1/25 [black bear (10)]
  3607 | D:3      | Mangled by a black bear

Illustrated notes

Levels and vault maps discovered:
D:1:      psy_arrival_basics, layout_loops_ring,
          hellmonk_ecumenical_altar_inner_sanctum
D:2:      minmay_general_purpose_star, layout_basic, serial_shops, shop_statue
D:3:      layout_rooms, corexii_leaking_fountain

Skill      XL: |  1  2  3  4 |
---------------+-------------+-----
Spellcasting   | 5 |  5.7
Conjurations   | 2 3 |  3.0
Fighting       | 1 |  1.2
Dodging        | |  2.6
Stealth        | |  2.4
Summonings     | |  1.1
Translocations | |  1.1
Air Magic      | |  0.7
Poison Magic   | |  0.6

Action                   |  1- 3 |  4- 6 || total
-------------------------+-------+-------++-------
Melee: Dagger            |     3 |       ||     3
 Cast: Magic Dart        |   115 |    29 ||   144
       Slow              |       |     1 ||     1
Armor: Robe              |    11 |     1 ||    12
Dodge: Dodged            |    28 |    13 ||    41

Table legend: (Time is in decaauts)
 A = Elapsed time spent in this place.
 B = Non-inter-level travel time spent in this place.
 C = Inter-level travel time spent in this place.
 D = Time resting spent in this place.
 E = Time spent auto-exploring this place.
 F = Levels seen in this place.
 G = Mean time per level.
                   A        B        C        D        E       F      G
               +--------+--------+--------+--------+--------+-----+--------+
         Total |   3610 |   3464 |    146 |   1130 |   1902 |   3 | 1203.3 |
       Dungeon |   3610 |   3464 |    146 |   1130 |   1902 |   3 | 1203.3 |
               +--------+--------+--------+--------+--------+-----+--------+

Top non-repeatable levels by time:
     D:1: 1585 daAuts
     D:2: 1274 daAuts
     D:3: 749 daAuts
